 Dungeon Crawl Stone Soup version 0.25-a0-435-g4b9beb1024 (webtiles) character file.

Game seed: 10021001763742442626, levelgen mode: deterministic

345 BeastOfSaturn the Slasher (level 6, 0/47 HPs)
             Began as a Human Warper on Jan 29, 2020.
             Killed by divine providence
             ... invoked by an orc priest
              (12 damage)
             ... on level 5 of the Dungeon.
             The game lasted 00:24:32 (5859 turns).

BeastOfSaturn the Slasher (Human Warper)            Turns: 5859, Time: 00:24:32

Health: 0/47       AC: 12    Str: 13    XL:     6   Next: 89%
Magic:  7/9        EV: 11    Int: 14    God:
Gold:   224        SH:  0    Dex: 15    Spells: 3/10 levels left

rFire    . . .     SeeInvis +   t - +0 long sword
rCold    . . .     Gourm    .   (no shield)
rNeg     . . .     Faith    .   B - +0 swamp dragon scales
rPois    +         Spirit   .   v - +1 helmet {SInv}
rElec    .         Reflect  .   (no cloak)
rCorr    .         Harm     .   s - +1 pair of gloves
MR       .....                  (no boots)
Stlth    +.........             A - amulet of regeneration
HPRegen  0.55/turn              y - +3 ring of dexterity
MPRegen  0.11/turn              (no ring)

@: shrouded, very slightly contaminated, drained
A: no striking features
a: no special abilities


You were on level 5 of the Dungeon.
You were not hungry.

You visited 1 branch of the dungeon, and saw 5 of its levels.

You collected 224 gold pieces.

Inventory:

Hand Weapons
 a - a +0 falchion
 t - a +0 long sword (weapon)
 z - a cursed -3 rapier
Missiles
 e - 4 boomerangs of dispersal (quivered)
 r - 3 javelins
 w - 8 boomerangs
Armour
 s - a +1 pair of gloves (worn)
 v - a +1 helmet of see invisible (worn)
 B - +0 swamp dragon scales (worn)
 D - a +2 large shield of positive energy
Jewellery
 y - a +3 ring of dexterity (left hand)
 A - an amulet of regeneration (around neck)
Scrolls
 d - 2 scrolls of blinking
 g - a scroll of fog {unknown}
 h - a scroll of enchant armour
 j - 2 scrolls of magic mapping
 k - a scroll of random uselessness {unknown}
 n - a scroll of amnesia {unknown}
 o - 2 scrolls of teleportation
 q - a scroll of remove curse {unknown}
Potions
 c - 2 potions of flight
 i - 2 potions of brilliance {unknown}
 l - a potion of cancellation {unknown}
 p - a potion of haste {unknown}
 u - 2 potions of lignification {unknown}
Comestibles
 f - 2 rations


   Skills:
 + Level 3.1(2.5) Fighting
 + Level 4.1(3.4) Long Blades
 + Level 1.0(0.4) Throwing
 * Level 3.2(2.6) Armour
 + Level 2.6(2.0) Dodging
 + Level 2.5(1.9) Spellcasting
 + Level 1.0(0.4) Charms
 + Level 3.3(2.7) Translocations


You had 3 spell levels left.
You knew the following spells:

 Your Spells              Type           Power        Failure   Level  Hunger
a - Blink                 Tloc           N/A          24%         2    ###....
b - Shroud of Golubria    Chrm/Tloc      #.....       36%         2    ###....
c - Gell's Gravitas       Tloc           #.........   43%         3    ####...

Your spell library contained the following spells:

 Spells                   Type           Power        Failure   Level  Hunger
 Lesser Beckoning         Tloc           #.........   43%         3    ####...
 Teleport Other           Tloc           #.......     43%         3    ####...
 Passage of Golubria      Tloc           N/A          85%         4    #####..


Dungeon Overview and Level Annotations

Branches:
Dungeon (5/15)
 Temple: D:4-7

Altars:
Cheibriados
Makhleb
Qazlal
Uskayaw


Message History

The orc wizard hits you but does no damage.
You hit the orc wizard.
You kill the orc wizard!
The orc priest calls down the wrath of Beogh upon you.
Beogh smites you!
* * * LOW HITPOINT WARNING * * *
The orc priest looks encouraged for a moment.
You hit the orc priest but do no damage.
The orc priest barely misses you.
You closely miss the orc priest.
The orc priest hits you but does no damage.
Casting: Shroud of Golubria (safe; 36% risk of failure)
Confirm with . or Enter, or press ? or * to list all spells.
Space distorts slightly along a thin shroud covering your body.
The orc priest hits you but does no damage.
You hit the orc priest.
The orc priest is lightly wounded.
The orc priest invokes the aid of Beogh against you.
Beogh smites you!
You die...

###.# #...#.#
### # #...#.#
... .#.
#...#.#....
....##...#.#..#
............#
.$.##..#...#
.......)@o.#
.<.##..#...#
#..#..<...#
#......##.#
#........ ..
#.##.#.##. ##
... ..... .
..## ###%## ..
.#


You could see an orc priest.

Vanquished Creatures
  2 howler monkeys (D:4)
  An orc priest (D:5)
  Terence (D:2)
  An orc wizard (D:5)
  A worker ant (D:4)
  A hound skeleton (D:5)
  Robin (D:2)
  3 adders
  2 oozes (D:2)
  3 worms
  4 dart slugs
  2 leopard geckos
  3 orcs
  2 ball pythons
  2 giant cockroaches (D:2)
  21 goblins
  10 hobgoblins
  2 jackals (D:1)
  3 bats
  4 frilled lizards (D:2)
  13 kobolds
  9 rats
91 creatures vanquished.

Notes
Turn   | Place    | Note
-------+----------+-------------------------------------------
     0 | D:1      | BeastOfSaturn the Human Warper began the quest for the Orb.
     0 | D:1      | Reached XP level 1. HP: 16/16 MP: 3/3
   483 | D:1      | Reached XP level 2. HP: 18/22 MP: 5/5
   487 | D:1      | Learned a level 2 spell: Blink
   490 | D:1      | Learned a level 2 spell: Shroud of Golubria
   763 | D:1      | HP: 1/22 [kobold/stone (2)]
  1105 | D:1      | Reached XP level 3. HP: 20/27 MP: 6/6
  1989 | D:2      | Noticed Terence
  2014 | D:2      | Killed Terence
  2014 | D:2      | Reached XP level 4. HP: 6/34 MP: 5/7
  2371 | D:2      | Learned a level 3 spell: Gell's Gravitas
  2519 | D:2      | Found a burning altar of Makhleb.
  2789 | D:2      | Reached XP level 5. HP: 39/39 MP: 5/8
  2891 | D:3      | Reached skill level 3 in Long Blades
  2982 | D:3      | Found a snail-covered altar of Cheibriados.
  3100 | D:3      | Noticed Robin
  3993 | D:2      | Killed Robin
  5041 | D:3      | Found a stormy altar of Qazlal.
  5046 | D:3      | Found a hide-covered altar of Uskayaw.
  5191 | D:3      | Noticed an ogre
  5315 | D:4      | Noticed an ogre
  5438 | D:4      | Reached XP level 6. HP: 31/47 MP: 7/9
  5447 | D:4      | Reached skill level 1 in Charms
  5605 | D:5      | Entered Level 5 of the Dungeon
  5694 | D:5      | Reached skill level 4 in Long Blades
  5859 | D:5      | Killed from afar by an orc priest

Levels and vault maps discovered:
D:1:      onia_arrival_mini_maze, layout_basic
D:2:      layout_rooms, old_standard_altar, uniq_terence
D:3:      layout_loops_ring, minitemple, kennysheep_slug_shrine,
          minmay_misc_feat_x, uniq_robin
D:4:      layout_rooms, lightli_temple_of_fire, minmay_liquid_box
D:5:      layout_basic, first_ration, serial_glass, glass_columns_c,
          glass_columns_a, fedhas_altar_1

Skill      XL: |  1  2  3  4  5  6 |
---------------+-------------------+-----
Armour         | 2 3 |  3.2
Long Blades    | 3 4 |  4.1
Fighting       | 3 |  3.1
Charms         | 1 |  1.0
Throwing       | |  1.0
Dodging        | |  2.6
Spellcasting   | |  2.5
Translocations | |  3.3

Action                   |  1- 3 |  4- 6 || total
-------------------------+-------+-------++-------
Melee: Falchion          |   142 |   186 ||   328
       Long sword        |       |    77 ||    77
Throw: Boomerang         |       |     1 ||     1
 Cast: Shroud of Golubri |     6 |     9 ||    15
       Gell's Gravitas   |       |     7 ||     7
       Blink             |       |     3 ||     3
  Use: Potion            |     1 |       ||     1
       Scroll            |       |     6 ||     6
  Eat: Ration            |     2 |     4 ||     6
Armor: Leather armour    |    39 |    45 ||    84
       Swamp dragon scal |       |    49 ||    49
Dodge: Dodged            |   101 |   179 ||   280
       Rpst.: Falchion   |    22 |    36 ||    58
       Long sword        |       |    13 ||    13

Table legend:
 A = Non-vault XP
 B = Vault XP
 C = Vault XP percentage of total XP
 D = Non-vault monster count
 E = Vault monster count
 F = Vault count percentage of total count
                 A         B        C        D         E       F
            +---------+---------+-------+---------+---------+-------
      Total |     412 |      81 |  16.4 |      75 |      16 |  17.6
            +---------+---------+-------+---------+---------+-------
        D:1 |      41 |       3 |   6.8 |      26 |       2 |   7.1
        D:2 |      79 |      61 |  43.6 |      25 |       6 |  19.4
        D:3 |      43 |      17 |  28.3 |      15 |       8 |  34.8
        D:4 |     155 |       0 |   0.0 |       6 |       0 |   0.0
        D:5 |      94 |       0 |   0.0 |       3 |       0 |   0.0
            +---------+---------+-------+---------+---------+-------
